 Dungeon Crawl Stone Soup version 0.27.1-33-g824d729ab1 (webtiles) character file.

Game seed: 5443934451933624743

1384 unlimited1921 the Skirmisher (level 8, -9/44 HPs)
             Began as a Vine Stalker Fighter on Dec 30, 2021.
             Killed by divine providence
             ... invoked by an orc priest
              (12 damage)
             ... on level 5 of the Dungeon.
             The game lasted 00:22:42 (4256 turns).

unlimited1921 the Skirmisher (Vine Stalker Fighter) Turns: 4256, Time: 00:22:43

Health: -9/44      AC: 12    Str: 21    XL:     8   Next: 67%
Magic:  0/9        EV:  6    Int:  8    God:
Gold:   322        SH: 10    Dex: 17    Spells: 7/7 levels left

rFire    . . .     SeeInvis .   N - +5 flail (vorpal)
rCold    + . .     Faith    +   c - +0 kite shield
rNeg     + . .     Spirit   +   h - +2 chain mail {rC+}
rPois    .         Reflect  .   z - +0 hat of Calculation {Rampage Dex+3}
rElec    .         Harm     .   y - +0 cloak
rCorr    .         Rampage  +   (no gloves)
Will     +....                  (no boots)
Stlth    ..........             f - amulet of faith
HPRegen  1.14/turn              u - ring of positive energy
MPRegen  0.11/turn              (no ring)

@: no status effects
A: fangs 3, regeneration 1, magic shield, antimagic bite, no potion heal 2
a: no special abilities


You were on level 5 of the Dungeon.
You visited 1 branch of the dungeon, and saw 6 of its levels.

You collected 322 gold pieces.

Inventory:

Hand Weapons
 a - a +0 long sword
 k - a +3 spectral club
 m - a +0 spear
 q - a +0 war axe
 x - a +4 quarterstaff of chaos
 C - a +3 mace
 J - a +1 trident of venom
 N - a +5 vorpal flail (weapon)
Missiles
 g - 41 bolts
 j - 7 boomerangs
 p - 15 javelins
 t - a throwing net (quivered)
 w - 4 poisoned darts
 E - 6 curare-tipped darts
 F - 6 silver javelins
Armour
 b - a +0 scale mail
 c - a +0 kite shield (worn)
 h - a +2 chain mail of cold resistance (worn)
 y - a +0 cloak (worn)
 z - the +0 hat of Calculation (worn) {Rampage Dex+3}
   (You found it on level 4 of the Dungeon)

   Dex:       It affects your dexterity (+3).
   Rampage:   It bestows one free step when moving towards enemies.
Jewellery
 f - an amulet of faith (around neck)
 u - a ring of positive energy (left hand)
Wands
 M - a wand of flame (13)
Scrolls
 e - 3 scrolls of enchant armour {unknown}
 l - a scroll of silence {unknown}
 n - 2 scrolls of vulnerability {unknown}
 o - 2 scrolls of noise {unknown}
 s - 5 scrolls of identify {unknown}
 v - a scroll of enchant weapon {unknown}
 B - 2 scrolls of teleportation {unknown}
 D - a scroll of fog {unknown}
 I - a scroll of brand weapon {unknown}
 K - a scroll of immolation {unknown}
 L - a scroll of acquirement {unknown}
Potions
 d - a potion of might
 i - 4 potions of curing {unknown}
 r - a potion of cancellation {unknown}
 A - 2 potions of heal wounds {unknown}
 G - a potion of lignification {unknown}
 H - 2 potions of flight {unknown}


   Skills:
 * Level 5.7 Fighting
 + Level 4.9 Long Blades
 * Level 2.9 Throwing
 + Level 4.2 Armour
 + Level 1.3 Dodging
 + Level 0.4 Stealth
 + Level 4.4 Shields


You had 7 spell levels left.
You didn't know any spells.
Your spell library contained the following spells:

 Spells                   Type           Power      Damage    Failure   Level
 Foxfire                  Conj/Fire      0%         2x1d4     100%        1
 Corpse Rot               Necr/Air       N/A        N/A       100%        2
 Poisonous Vapours        Pois/Air       0%         N/A       100%        2
 Conjure Flame            Conj/Fire      0%         6-21      100%        3
 Inner Flame              Hex/Fire       0%         N/A       100%        3
 Petrify                  Tmut/Erth      0%         N/A       100%        4
 Freezing Cloud           Conj/Ice/Air   0%         6-21      100%        5
 Metabolic Englaciation   Hex/Ice        0%         N/A       100%        5
 Statue Form              Tmut/Erth      0%         N/A       100%        6


Dungeon Overview and Level Annotations

Branches:
Dungeon (6/15)
 Temple: D:4-7

Altars:
Fedhas
Nemelex Xobeh
Qazlal


Innate Abilities, Weirdness & Mutations

You have razor-sharp teeth.
Your natural rate of healing is unusually fast.
When hurt, damage is shared between your health and your magic reserves.
Your bite disrupts and absorbs the magic of your enemies.
Potions cannot restore your health.


Message History

You block the orc priest's attack.
The orc warrior hits you with a +0 dire flail.
You barely miss the orc warrior. Your bite misses the orc warrior.
The orc warrior is heavily wounded.
You block the orc wizard's attack. The orc priest barely misses you.
The orc warrior hits you with a +0 dire flail.
The orc wizard hits you but does no damage.
You block the orc warrior's attack.
The orc priest hits you with a +0 hand axe.
You closely miss the orc warrior. You bite the orc warrior.
You drain its power.
You feel invigorated.
The orc warrior is heavily wounded.
The orc wizard hits you but does no damage.
You block the orc priest's attack.
The orc warrior hits you with a +0 dire flail!
The orc wizard points at you and mumbles some strange words.
The magic dart hits you.
The orc warrior hits you with a +0 dire flail.
The orc priest hits you with a +0 hand axe.
* * * LOW HITPOINT WARNING * * *
The orc wizard gestures at you while chanting.
The puff of flame hits you!
* * * LOW HITPOINT WARNING * * *
You block the orc priest's attack. The orc warrior closely misses you.
You climb upwards.
There is a stone staircase leading down here.
You block the orc wizard's attack.
The orc wizard casts a spell.
The orc wizard flickers and vanishes!
Deactivating autopickup; reactivate with Ctrl-A.
The orc priest looks braver for a moment.
The orc priest mumbles some strange prayers to Beogh against you.
Beogh smites you!
* * * LOW HITPOINT WARNING * * *
The orc priest calls down the wrath of Beogh upon you.
Beogh smites you!
* * * LOW HITPOINT WARNING * * *
The orc priest calls down the wrath of Beogh upon you.
Beogh smites you!
You die...

..##.....#......#{####...........
.........#..##..#o# #..........#
..###.##.#..)#..#.####..#.....###
.## #.##.#..##.##..##..##.......#
.# #..#.#.##...#o..........##.##
.####....#......#..##.####.....##
...(##...#..#####..########......
##.......#..#PP.....###.##.^.≈...
#........####..P@..........§##≈.P
#.................##...#.§#§_....
#.....#.##...#...####.###.^≈.....
#..##........##...#######..^^≈...
#.............##......#.........#
.##..##....#..........##...######
......................######
##........##........###
.#..#...)..#.....#..#


You could see an orc warrior and an orc priest.

Vanquished Creatures
  Sigmund (D:5)
  Edmund (D:5)
  An orc warrior (D:4)
  A black bear (D:3)
  A necrophage (D:4)
  A bullfrog (D:4)
  A scorpion (D:3)
  A water moccasin skeleton (D:5)
  A hound (D:5)
  4 orc priests
  A jelly (D:5)
  Crazy Yiuf (D:3)
  Jessica (D:2)
  Natasha (thrice) (D:2)
  3 iguanas
  2 orc wizards
  Terence (D:2)
  A howler monkey skeleton (D:4)
  13 adders
  An adder skeleton (D:4)
  3 worms
  A dart slug (D:2)
  17 orcs
  8 ball pythons
  8 bats
  6 endoplasms
  3 giant cockroaches
  10 goblins
  6 hobgoblins
  7 kobolds
  A quokka (D:4)
  3 frilled lizards
  6 rats
119 creatures vanquished.

Vanquished Creatures (others)
  11 fungi
  4 plants (D:5)
15 creatures vanquished.

Grand Total: 134 creatures vanquished

Notes
Turn   | Place    | Note
-------+----------+-------------------------------------------
     0 | D:1      | unlimited1921 the Vine Stalker Fighter began the quest for
                  | the Orb.
     0 | D:1      | Reached XP level 1. HP: 11/11 MP: 2/2
   291 | D:1      | Reached XP level 2. HP: 16/16 MP: 3/3
   293 | D:1      | Reached skill level 3 in Fighting
   578 | D:1      | Reached XP level 3. HP: 20/20 MP: 4/4
   881 | D:2      | Noticed Natasha
  1377 | D:2      | Killed Natasha
  1378 | D:2      | Gained mutation: Your natural rate of healing is unusually
                  | fast. [Vine Stalker growth]
  1378 | D:2      | Reached XP level 4. HP: 18/24 MP: 3/5
  1524 | D:2      | Noticed Terence
  1541 | D:2      | Killed Terence
  1577 | D:2      | Noticed Jessica
  1579 | D:2      | Killed Jessica
  1580 | D:2      | Reached XP level 5. HP: 28/28 MP: 6/6
  1717 | D:2      | Noticed Natasha
  1724 | D:2      | Killed Natasha
  1913 | D:2      | Noticed Natasha
  1918 | D:2      | Killed Natasha
  2207 | D:3      | Reached skill level 4 in Fighting
  2207 | D:3      | Reached XP level 6. HP: 24/33 MP: 7/7
  2278 | D:3      | Found a faded altar of an unknown god.
  2446 | D:3      | Found a sparkling altar of Nemelex Xobeh.
  2467 | D:3      | Reached skill level 1 in Dodging
  2858 | D:3      | Found a runed translucent door.
  2859 | D:3      | Noticed Crazy Yiuf
  2871 | D:3      | Killed Crazy Yiuf
  2943 | D:4      | Noticed a black bear
  2948 | D:4      | Reached skill level 1 in Throwing
  2960 | D:3      | Reached XP level 7. HP: 37/38 MP: 8/8
  2993 | D:4      | Identified the +0 hat of Calculation {Rampage Dex+3}
  3205 | D:4      | Reached skill level 5 in Fighting
  3421 | D:4      | Gained mutation: You have razor-sharp teeth. [Vine Stalker
                  | growth]
  3421 | D:4      | Reached XP level 8. HP: 40/43 MP: 6/9
  3547 | D:5      | Entered Level 5 of the Dungeon
  3948 | D:5      | Found a blossoming altar of Fedhas.
  3957 | D:5      | Found a stormy altar of Qazlal.
  4052 | D:5      | Noticed Sigmund
  4052 | D:5      | Noticed Edmund
  4067 | D:5      | Killed Edmund
  4101 | D:5      | Killed Sigmund
  4255 | D:5      | HP: 2/44 [orc priest/divine providence (11)]
  4256 | D:5      | Killed from afar by an orc priest

Illustrated notes

Levels and vault maps discovered:
D:1:      dpeg_arrival_court, layout_loops_ring
D:2:      layout_basic, uniq_natasha, uniq_jessica, uniq_terence
D:3:      layout_basic, old_standard_altar, serial_curves, eino_curves_04,
          eino_curves_03, dreamdust_ecumenical_altar_grove,
          uniq_crazy_yiuf_cottage
D:4:      layout_rooms, kennysheep_generic_room_13
D:5:      layout_cave_pools, grunt_temple_overflow_forces_of_nature,
          sigmund_edmund_badplayer
D:6:      minmay_goblin_kobold_castle, layout_cave_pools,
          lightli_ossuary_entry_decrepit_ruins

Skill      XL: |  1  2  3  4  5  6  7  8 |
---------------+-------------------------+-----
Fighting       | 3 4 5 |  5.7
Long Blades    | 2 3 4 |  4.9
Shields        | 3 4 |  4.4
Armour         | 3 4 |  4.2
Dodging        | 1 |  1.3
Throwing       | 1 2 |  2.9
Stealth        | |  0.4

Action                   |  1- 3 |  4- 6 |  7- 9 || total
-------------------------+-------+-------+-------++-------
Melee: Long sword        |    83 |   201 |   149 ||   433
       Bite              |    28 |    63 |    62 ||   153
       Flail             |       |       |     5 ||     5
Throw: Boomerang         |       |    10 |     6 ||    16
       Javelin           |       |     2 |       ||     2
       Throwing net      |       |       |     1 ||     1
 Stab: Held in net/web   |       |       |     1 ||     1
Armor: Scale mail        |    66 |    41 |       ||   107
       Chain mail        |       |    58 |    88 ||   146
Dodge: Dodged            |    44 |    60 |    37 ||   141
Block: Kite shield       |    59 |   135 |    84 ||   278
       Rpst.: Long sword |    14 |    16 |     9 ||    39
